 Dungeon Crawl Stone Soup version 0.23.0 (webtiles) character file.

Game seed: 3620200856653232445

1412 LostNumber the Caller (level 8, -5/66 HPs)
             Began as a Green Draconian Summoner on Feb 17, 2019.
             Was a Follower of Kikubaaqudgha.
             Killed from afar by Harold (26 damage)
             ... with a wand of acid (11)
             ... on level 6 of the Dungeon.
             The game lasted 00:12:06 (6384 turns).

LostNumber the Caller (Green Draconian Summoner)    Turns: 6384, Time: 00:12:07

Health: -5/66      AC:  6    Str: 11    XL:     8   Next: 43%
Magic:  6/13       EV: 13    Int: 18    God:    Kikubaaqudgha [*.....]
Gold:   416        SH:  4    Dex: 11    Spells: 0/14 levels left

rFire    . . .     SeeInvis .   w - +2 war axe (flame)
rCold    . . .     Gourm    .   k - +0 buckler
rNeg     . . .     Faith    .   (armour unavailable)
rPois    +         Spirit   .   (helmet restricted)
rElec    .         Reflect  .   (no cloak)
rCorr    .         Harm     .   (no gloves)
MR       .....                  (no boots)
Stlth    ++........             (no amulet)
HPRegen  0.21/turn              n - ring of wizardry
MPRegen  0.13/turn              (no ring)

@: marked
A: breathe noxious fumes, unfitting armour, poison resistance, cold-blooded, AC
+6
a: Breathe Noxious Fumes, Receive Corpses, Renounce Religion


You were on level 6 of the Dungeon.
You worshipped Kikubaaqudgha.
Kikubaaqudgha was aware of your devotion.
You were hungry.

You visited 2 branches of the dungeon, and saw 8 of its levels.

You collected 416 gold pieces.

Inventory:

Hand Weapons
 a - a +0 dagger
   (You took it off a kobold on level 1 of the Dungeon)
 d - a +1 mace of protection
   (You found it on level 1 of the Dungeon)
 w - a +2 war axe of flaming (weapon)
   (You found it on level 6 of the Dungeon)
Armour
 k - a +0 buckler (worn)
   (You found it on level 2 of the Dungeon)
Jewellery
 n - a ring of wizardry (left hand)
   (You found it on level 3 of the Dungeon)
Wands
 t - a wand of flame (19)
   (You found it on level 3 of the Dungeon)
 v - a wand of digging (6)
   (You found it on level 5 of the Dungeon)
Scrolls
 b - a scroll of enchant weapon {unknown}
 f - 4 scrolls of teleportation {@r4}
 g - a scroll of noise {unknown}
 i - a scroll of enchant armour
 m - a scroll of random uselessness {unknown}
 o - a scroll of remove curse {@r2}
 s - a scroll of holy word {unknown}
 u - a scroll of magic mapping {unknown}
Potions
 c - 2 potions of brilliance
 h - a potion of flight
 j - 2 potions of haste {@q3}
 l - 2 potions of lignification {!q}
 p - 4 potions of curing {@q1}
 q - a potion of mutation {!q}
Comestibles
 e - 19 rations {!d}


   Skills:
 + Level 4.0 Fighting
 + Level 3.8 Dodging
 - Level 1.7 Stealth
 + Level 3.4 Shields
 + Level 3.9 Spellcasting
 * Level 6.8 Summonings
 + Level 0.4 Ice Magic
 - Level 4.0 Air Magic


You couldn't memorise any spells.
You knew the following spells:

 Your Spells              Type           Power        Failure   Level  Hunger
a - Summon Small Mammal   Summ           ####         1%          1    None
c - Call Canine Familiar  Summ           ####....     1%          3    ###....
d - Summon Ice Beast      Ice/Summ       ###.....     14%         4    ####...
x - Call Imp              Summ           ####....     1%          2    ##.....
z - Summon Lightning Spi  Summ/Air       ###.....     7%          4    ####...

Your spell library contained the following spells:

 Spells                   Type           Power        Failure   Level  Hunger
 Summon Guardian Golem    Hex/Summ       ###.....     4%          3    ###....
 Animate Skeleton         Necr           N/A          6%          1    None
 Pain                     Necr           #...         6%          1    None
 Sublimation of Blood     Necr           #.........   10%         2    ##.....
 Regeneration             Chrm/Necr      #.........   19%         3    ###....


Dungeon Overview and Level Annotations

Branches:
Dungeon (7/15)             Temple (1/1) D:4

Altars:
Ashenzari
Cheibriados
Dithmenos
Elyvilon
Fedhas
Gozag
Hepliaklqana
Kikubaaqudgha
Makhleb
Nemelex Xobeh
Okawaru
Qazlal
Ru
Uskayaw
Wu Jian
Xom
Yredelemnul
The Shining One

Annotations:
D:6 Harold


Innate Abilities, Weirdness & Mutations

You can breathe blasts of noxious fumes.
Your lurid green scales are hard. (AC +6)
You cannot fit into any form of body armour.
Your system is resistant to poisons. (rPois)
You are cold-blooded and may be slowed by cold attacks.


Message History

The bolt of electricity hits Harold!
You struggle against the net.
Your lightning spire shoots out a bolt of lightning at Harold!
The bolt of electricity misses Harold.
The bolt of electricity hits Harold!
The bolt of electricity hits your lightning spire.
Your lightning spire completely resists.
Unknown command.
You struggle against the net.
Harold hits you with a +0 hand axe!
Unknown command.
You struggle against the net.
Harold casts a spell at you. A sentinel's mark forms upon you.
Your lightning spire shoots out a bolt of lightning at Harold!
The bolt of electricity hits Harold! x2
The bolt of electricity hits your lightning spire but does no damage.
You shred the net and break free!
Harold zaps a wand.
The bolt of acid hits your lightning spire!
Your lightning spire is splashed with acid.
The acid corrodes your lightning spire!
You hit Harold but do no damage. Harold hits you with a +0 hand axe!
* * * LOW HITPOINT WARNING * * *
Your lightning spire shoots out a bolt of lightning at Harold!
The bolt of electricity hits Harold.
The bolt of electricity hits Harold!
The bolt of electricity hits your lightning spire.
Your lightning spire completely resists.
Harold drinks a potion.
Harold is healed!
There is a stone staircase leading down here.
Unknown command.
Harold hits your lightning spire with a +0 hand axe!
Your lightning spire is destroyed!
Harold hits you with a +0 hand axe.
* * * LOW HITPOINT WARNING * * *
Things that are here:
a +0 chain mail; a +0 hand axe An electric hum fills the air.
Harold shouts!
Harold points at you and mumbles some strange words.
The mark upon you grows brighter.
Unknown command.
Harold gestures at you while chanting. The harpoon shot hits you.
* * * LOW HITPOINT WARNING * * *
You are yanked forward by the harpoon shot.
Things that are here:
a +0 chain mail; a +0 hand axe Harold zaps a wand.
The bolt of acid hits you!!
You die...
Kikubaaqudgha rasps: "You have failed me!
Welcome... death!"

######### #.......#
####### #.......#
#...... #.......#
###.###.. #..(....#
#≈≈≈≈≈≈≈≈.
#.......##≈≈≈≈≈≈≈≈≈≈
#.......+≈≈#+#≈≈#+#≈
#..)8....≈≈# #≈≈# #≈
###@####.≈≈###≈≈###≈
#[#####≈≈≈≈≈≈≈≈≈≈≈
####>@....≈≈≈≈≈≈≈≈≈≈≈
#.........≈≈#+#≈≈###≈
#.........≈≈# #≈≈# #≈
#.........≈≈###≈≈#+#≈
#..........≈≈≈≈≈≈≈≈≈≈
#...........≈≈≈≈≈≈≈≈.
#....................


You could see Harold and a friendly lightning spire.

Vanquished Creatures
  A sky beast (D:5)
  A bullfrog (D:6)
  An electric eel (D:6)
  A crimson imp (D:6)
  3 hounds
  A bullfrog zombie (D:5)
  An orc priest (D:4)
  A centaur skeleton (D:5)
  An orc wizard (D:2)
  A killer bee zombie (D:5)
  A hound skeleton (D:4)
  2 gnolls (D:4)
  4 adders
  A shadow imp (D:6)
  An adder zombie (D:5)
  2 worms
  2 dart slugs (D:1)
  2 leopard geckos
  9 orcs
  2 giant cockroaches
  8 goblins
  7 hobgoblins
  3 jackals (D:6)
  4 quokkas
  2 ball pythons
  5 bats
  4 frilled lizards
  6 kobolds
  A leopard gecko skeleton (D:4)
  6 rats
84 creatures vanquished.

Vanquished Creatures (collateral kills)
  Grinder (D:3)
  An ice beast (D:6)
  An orc warrior (D:6)
  2 ogres
  A phantom (D:5)
  2 bullfrogs (D:6)
  A gnoll sergeant (D:6)
  3 killer bees (D:5)
  A crimson imp (D:5)
  A hound (D:6)
  A jelly (D:5)
  2 orc priests
  A gnoll shaman (D:4)
  An orc wizard (D:4)
  An iguana (D:5)
  2 worker ants (D:5)
  5 adders
  4 gnolls
  2 worms
  8 orcs
  A giant cockroach (D:1)
  A hobgoblin (D:2)
  3 jackals
  A kobold (D:1)
  2 bats (D:3)
  A frilled lizard (D:3)
  A rat (D:3)
51 creatures vanquished.

Vanquished Creatures (others)
  An orc wizard (D:2)
1 creature vanquished.

Grand Total: 136 creatures vanquished

Notes
Turn   | Place    | Note
-------+----------+-------------------------------------------
     0 | D:1      | LostNumber the Draconian Summoner began the quest for the
                  | Orb.
     0 | D:1      | Reached XP level 1. HP: 14/14 MP: 3/3
   628 | D:1      | Reached XP level 2. HP: 22/22 MP: 5/5
   900 | D:1      | Reached skill level 1 in Fighting
   902 | D:1      | Reached XP level 3. HP: 20/28 MP: 2/6
   906 | D:1      | Learned a level 2 spell: Call Imp
   910 | D:1      | Learned a level 3 spell: Call Canine Familiar
  1562 | D:2      | Reached XP level 4. HP: 28/35 MP: 2/7
  2168 | D:3      | Reached skill level 1 in Shields
  2235 | D:3      | Noticed Grinder
  2253 | D:3      | Killed Grinder
  2253 | D:3      | Reached skill level 5 in Summonings
  2253 | D:3      | Reached XP level 5. HP: 14/42 MP: 1/9
  2458 | D:3      | Learned a level 4 spell: Summon Lightning Spire
  2536 | D:3      | Reached XP level 6. HP: 47/49 MP: 10/10
  2913 | D:4      | Found a staircase to the Ecumenical Temple.
  2945 | D:4      | Found an iron altar of Okawaru.
  3066 | D:4      | Reached skill level 1 in Air Magic
  3440 | D:4      | Found a burning altar of Makhleb.
  3703 | D:4      | Found a shattered altar of Ashenzari.
  3825 | D:5      | Entered Level 5 of the Dungeon
  4125 | Temple   | Entered the Ecumenical Temple
  4392 | Temple   | Became a worshipper of Kikubaaqudgha
  4502 | D:5      | Your scales start taking on a lurid green colour.
  4502 | D:5      | Reached XP level 7. HP: 46/56 MP: 4/11
  4502 | D:5      | Gained mutation: Your system is resistant to poisons.
                  | (rPois) [Green Draconian growth]
  4610 | D:5      | Reached skill level 6 in Summonings
  4823 | D:5      | Reached * piety under Kikubaaqudgha
  4823 | D:5      | Identified Kikubaaqudgha's Papyrus of Evil Magic
                  | (Kikubaaqudgha gifted it to you on level 5 of the Dungeon)
  4823 | D:5      | Received a gift from Kikubaaqudgha
  5476 | D:6      | Reached XP level 8. HP: 59/63 MP: 13/13
  5660 | D:6      | Learned a level 4 spell: Summon Ice Beast
  6364 | D:7      | Noticed Harold
  6384 | D:6      | Killed from afar by Harold

Skill      XL: |  1  2  3  4  5  6  7  8 |
---------------+-------------------------+-----
Dodging        | 2 3 |  3.8
Fighting       | 1 2 3 4 |  4.0
Shields        | 1 2 3 |  3.4
Spellcasting   | 3 |  3.9
Summonings     | 5 6 |  6.8
Air Magic      | 2 3 4 |  4.0
Stealth        | |  1.7
Ice Magic      | |  0.4

Action                   |  1- 3 |  4- 6 |  7- 9 || total
-------------------------+-------+-------+-------++-------
Melee: Dagger            |    28 |       |       ||    28
       Unarmed           |    20 |       |       ||    20
       Mace              |    81 |   214 |    99 ||   394
       Tailslap          |    10 |    19 |    14 ||    43
       War axe           |       |       |    27 ||    27
 Cast: Summon Small Mamm |     9 |       |       ||     9
       Call Imp          |     7 |     8 |     6 ||    21
       Call Canine Famil |     2 |    10 |     9 ||    21
       Summon Lightning  |       |     3 |     6 ||     9
 Abil: Breathe Noxious F |       |       |     2 ||     2
Evoke: Wand              |       |       |     1 ||     1
  Use: Scroll            |       |       |     9 ||     9
       Potion            |       |       |     1 ||     1
 Stab: Sleeping          |     3 |     2 |     2 ||     7
       Distracted        |       |     1 |       ||     1
  Eat: Chunk             |     3 |    11 |     9 ||    23
Armor: Skin              |    55 |   106 |    54 ||   215
Dodge: Dodged            |   106 |   211 |   113 ||   430
Block: Buckler           |       |       |     2 ||     2
